 Dungeon Crawl Stone Soup version 0.27.0-1-g7a089689b8 (webtiles) character file.

Game seed: 15059549757577712694

24 Brandom the Vexing (level 3, -3/28 HPs)
             Began as a Hill Orc Enchanter on Aug 5, 2021.
             Was a Follower of Uskayaw.
             Slain by a goblin (4 damage)
             ... led by Robin
             ... on level 2 of the Dungeon.
             The game lasted 00:03:36 (1682 turns).

Brandom the Vexing (Hill Orc Enchanter)             Turns: 1682, Time: 00:03:37

Health: -3/28      AC:  6    Str: 11    XL:     3   Next: 2%
Magic:  1/5        EV: 10    Int: 15    God:    Uskayaw [*.....]
Gold:   20         SH:  0    Dex: 11    Spells: 4/5 levels left

rFire    . . .     SeeInvis .   a - +1 dagger
rCold    . . .     Faith    .   (no shield)
rNeg     . . .     Spirit   .   g - +0 ring mail
rPois    .         Reflect  .   (no helmet)
rElec    .         Harm     .   (no cloak)
rCorr    .         Rampage  .   (no gloves)
Will     .....                  f - +0 pair of boots
Stlth    +.........             (no amulet)
HPRegen  0.09/turn              (no ring)
MPRegen  0.09/turn              (no ring)

@: no status effects
A: no striking features
a: Renounce Religion, Stomp


You were on level 2 of the Dungeon.
You worshipped Uskayaw.
Uskayaw was noncommittal.
You visited 1 branch of the dungeon, and saw 2 of its levels.

You collected 20 gold pieces.

Inventory:

Hand Weapons
 a - a +1 dagger (weapon)
Armour
 b - a +0 robe
 d - a +0 chain mail
   (You found it on level 1 of the Dungeon)
 f - a +0 pair of boots (worn)
   (You found it on level 2 of the Dungeon)
 g - a +0 ring mail (worn)
   (You found it on level 2 of the Dungeon)
Scrolls
 e - 2 scrolls of enchant weapon {unknown}
 h - a scroll of magic mapping {unknown}
Potions
 c - 2 potions of degeneration {unknown}


   Skills:
 + Level 1.3 Fighting
 - Level 1.0 Short Blades
 + Level 1.2 Armour
 + Level 2.0 Dodging
 - Level 2.4 Stealth
 - Level 1.5 Spellcasting
 - Level 3.0 Hexes
 + Level 1.2 Invocations


You had 4 spell levels left.
You knew the following spells:

 Your Spells              Type           Power      Damage    Failure   Level
a - Corona                Hex            11%        N/A       16%         1

Your spell library contained the following spells:

 Spells                   Type           Power      Damage    Failure   Level
 Ensorcelled Hibernation  Hex/Ice        10%        N/A       41%         2
 Confusing Touch          Hex            10%        N/A       43%         3
 Tukima's Dance           Hex            10%        N/A       43%         3
 Summon Small Mammal      Summ           4%         N/A       50%         1
 Dazzling Flash           Conj/Hex       10%        N/A       65%         3
 Summon Guardian Golem    Hex/Summ       5%         N/A       65%         3
 Call Canine Familiar     Summ           1%         N/A       86%         3
 Stone Arrow              Conj/Erth      2%         3d7       86%         3
 Bolt of Magma            Conj/Fire/Erth 0%         4d4       100%        5
 Shatter                  Erth           0%         3d5*      100%        9


Dungeon Overview and Level Annotations

Branches:
Dungeon (2/15)

Altars:
Uskayaw

Annotations:
D:2 Robin


Message History

You can now pass through a line of other dancers.
You hit the hobgoblin but do no damage. The hobgoblin hits you.
A hobgoblin comes into view.
You hit the hobgoblin.
The hobgoblin hits you but does no damage.
Robin roars a battlecry!
The goblins go into a battle-frenzy!
You hear a shout!
You hit the hobgoblin.
You kill the hobgoblin!
A hobgoblin comes into view.
Robin throws the goblin at you!
You have reached level 3!
Your experience leads to an increase in your attributes!
Increase (S)trength, (I)ntelligence, or (D)exterity?
You feel stronger. The goblin hits you with a +0 dagger.
* * * LOW HITPOINT WARNING * * *
The goblin appears confused.
Robin appears confused.
You can no longer pass through a line of other dancers. 2 goblins come into view.
The goblin shouts!
The hobgoblin shouts!
The goblin hits Robin but does no damage.
Robin shouts, "What's happening?!"
Robin closely misses you.
You barely miss Robin. The hobgoblin barely misses you.
The goblin hits you with a +0 club.
* * * LOW HITPOINT WARNING * * *
Unknown command.
You hit Robin but do no damage.
Robin seems less confused.
The goblin seems less confused.
Robin roars a battlecry!
The goblins go into a battle-frenzy!
The hobgoblin hits you but does no damage.
The goblin hits you with a +0 club.
* * * LOW HITPOINT WARNING * * *
Unknown command.
Okay, then.
The goblin barely misses you. The hobgoblin closely misses you.
Robin throws the goblin at you!
A frilled lizard comes into view.
You closely miss the goblin. The hobgoblin hits you.
* * * LOW HITPOINT WARNING * * *
The goblin completely misses you. The goblin hits you but does no damage.
You hit the goblin. The hobgoblin hits you.
* * * LOW HITPOINT WARNING * * *
The goblin hits you with a +0 dagger.
* * * LOW HITPOINT WARNING * * *
The goblin hits you but does no damage. The goblin hits you with a +0 club.
You die...

..# ...+ ..### #...
#..###### #[.#....#
#gg#....# #@gg....#
#ggg....#
#gg....l#########
####+#†.............g.
#.....#....##...####.:
#.....#....##...#
#.....#....##...#
##.....#.#####...#
#......#.# ....+


You could see Robin, 3 hobgoblins, 5 goblins and a frilled lizard.

Vanquished Creatures
  3 ball pythons (D:1)
  2 goblins (D:1)
  5 hobgoblins
  A quokka (D:1)
  2 bats
  4 kobolds (D:1)
  4 rats
21 creatures vanquished.

Vanquished Creatures (others)
  7 demonic plants (D:1)
  3 fungi (D:1)
  3 plants (D:1)
  5 toadstools (D:1)
  2 withered plants (D:1)
20 creatures vanquished.

Grand Total: 41 creatures vanquished

Notes
Turn   | Place    | Note
-------+----------+-------------------------------------------
     0 | D:1      | Brandom the Hill Orc Enchanter began the quest for the Orb.
     0 | D:1      | Reached XP level 1. HP: 14/14 MP: 3/3
    66 | D:1      | Found a faded altar of an unknown god.
    76 | D:1      | Became a worshipper of Uskayaw the Reveller
    76 | D:1      | Reached * piety under Uskayaw
   489 | D:1      | Reached ** piety under Uskayaw
   490 | D:1      | Reached XP level 2. HP: 20/22 MP: 4/4
   496 | D:1      | Reached *** piety under Uskayaw
   497 | D:1      | Reached skill level 1 in Fighting
   824 | D:1      | Reached skill level 1 in Armour
  1159 | D:1      | Reached skill level 1 in Invocations
  1654 | D:2      | Noticed Robin
  1675 | D:2      | Reached XP level 3. HP: 15/28 MP: 5/5
  1682 | D:2      | HP: 1/28 [goblin[Robin] (2)]
  1682 | D:2      | Slain by a goblin

Illustrated notes

Levels and vault maps discovered:
D:1:      ldierk_walled_garden, layout_loops_corners,
          shapermc_ecumenical_altar_gd, chequers_serial_rivers_micro_b,
          patterned_corridor
D:2:      layout_basic, uniq_robin

Skill      XL: |  1  2 |
---------------+-------+-----
Fighting       | 1 |  1.3
Armour         | 1 |  1.2
Invocations    | 1 |  1.2
Dodging        | 2 |  2.0
Short Blades   | |  1.0
Stealth        | |  2.4
Spellcasting   | |  1.5
Hexes          | |  3.0

Action                   || total
-------------------------++-------
Melee: Dagger            ||    70
Invok: Stomp             ||     1
       Line Pass         ||     1
 Stab: Sleeping          ||     4
Armor: Robe              ||    10
       Ring mail         ||     9
Dodge: Dodged            ||    31
